 Dungeon Crawl Stone Soup version 0.28-a0-1506-g3893175d92 (webtiles) character file.

Game seed: 9129864586900137852

81 parzival7114810 the Skirmisher (level 4, -8/41 HPs)
             Began as a Hill Orc Fighter on Jan 13, 2022.
             Mangled by an orc wizard (10 damage)
             ... on level 3 of the Dungeon.
             The game lasted 00:05:03 (3471 turns).

parzival7114810 the Skirmisher (Hill Orc Fighter)   Turns: 3471, Time: 00:05:04

Health: -8/41      AC:  8    Str: 20    XL:     4   Next: 40%
Magic:  4/4        EV:  9    Int:  8    God:
Gold:   87         SH:  4    Dex: 10    Spells: 3/3 levels left

rFire   . . .      SeeInvis .   a - +0 war axe
rCold   . . .      Faith    .   c - +0 buckler
rNeg    . . .      Spirit   .   b - +0 scale mail
rPois   .          Reflect  .   e - +1 hat
rElec   .          Harm     .   (no cloak)
rCorr   .          Rampage  .   (no gloves)
Will    .....                   (no boots)
Stlth   ..........              (no amulet)
HPRegen 0.13/turn               (no ring)
MPRegen 0.09/turn               (no ring)

@: mighty
A: no striking features
a: no special abilities


You were on level 3 of the Dungeon.
You visited 1 branch of the dungeon, and saw 3 of its levels.

You collected 87 gold pieces.

Inventory:

Hand Weapons
 a - a +0 war axe (weapon)
Armour
 b - a +0 scale mail (worn)
 c - a +0 buckler (worn)
 e - a +1 hat (worn)
Jewellery
 f - a ring of protection from cold
Wands
 i - a wand of iceblast (13)
Scrolls
 h - a scroll of blinking {unknown}
Potions
 d - 2 potions of might
 g - a potion of magic {unknown}


   Skills:
 + Level 4.3 Fighting
 + Level 3.5 Axes
 + Level 4.1 Armour
 + Level 0.3 Dodging
 + Level 0.2 Stealth
 + Level 3.7 Shields


You had 3 spell levels left.
You didn't know any spells.
Your spell library contained the following spells:

 Spells                   Type           Power      Damage    Failure   Level
 Animate Skeleton         Necr           0%         N/A       85%         1
 Foxfire                  Conj/Fire      0%         2x1d4     85%         1
 Pain                     Necr           0%         1d4       85%         1
 Scorch                   Fire           0%         2d5       94%         2
 Conjure Flame            Conj/Fire      0%         6-21      99%         3
 Gell's Gravitas          Tloc           0%         N/A       99%         3
 Inner Flame              Hex/Fire       0%         N/A       99%         3
 Lesser Beckoning         Tloc           0%         N/A       99%         3
 Teleport Other           Tloc           0%         N/A       99%         3
 Vampiric Draining        Necr           0%         2d6       99%         3
 Flame Wave               Conj/Fire      0%         2d4       100%        4
 Summon Cactus Giant      Summ           0%         N/A       100%        6


Dungeon Overview and Level Annotations

Branches:
Dungeon (3/15)

Altars:


Message History

The magic dart hits you!
The orc wizard points at you and mumbles some strange words.
The magic dart hits you but does no damage.
You slash the orc wizard!
You kill the orc wizard!
You hit the orc.
You kill the orc!
You closely miss the orc wizard.
The orc wizard hits you but does no damage.
Your Armour skill increases to level 4!
You have reached level 4!
The orc wizard hits you with a +2 dagger of electrocution.
The hobgoblin hits you but does no damage.
Things that are here:
a +0 dagger; a +0 robe; an orc corpse You barely miss the hobgoblin.
You slash the orc wizard!
The orc wizard hits you but does no damage.
The hobgoblin barely misses you.
The orc wizard hits you but does no damage.
You are electrocuted!
* * * LOW HITPOINT WARNING * * *
You closely miss the hobgoblin. You barely miss the orc wizard.
The hobgoblin hits you but does no damage.
The orc wizard hits you with a +2 dagger of electrocution.
* * * LOW HITPOINT WARNING * * *
The hobgoblin closely misses you.
You slice the hobgoblin!!
You kill the hobgoblin!
You hit the orc wizard. You block the orc wizard's attack.
The orc wizard misses you.
Things that are here:
a +0 hand axe; an orc corpse You closely miss the orc wizard.
The orc wizard is heavily wounded.
The orc wizard gestures at you while chanting.
You resist with some effort.
The orc wizard hits you with a +2 dagger of electrocution.
* * * LOW HITPOINT WARNING * * *
You are electrocuted!
You die...

#
#.#######...
##..@))......
#...o<#####..
#.##### #


You could see an orc wizard.

Vanquished Creatures
  An orc wizard (D:3)
  A worm (D:2)
  A dart slug (D:2)
  2 orcs (D:3)
  8 ball pythons
  3 bats
  5 endoplasms
  2 giant cockroaches
  4 goblins
  4 hobgoblins
  2 jackals (D:1)
  2 quokkas
  A frilled lizard (D:1)
  6 kobolds
42 creatures vanquished.

Notes
Turn   | Place    | Note
-------+----------+-------------------------------------------
     0 | D:1      | parzival7114810 the Hill Orc Fighter began the quest for
                  | the Orb.
     0 | D:1      | Reached XP level 1. HP: 19/19 MP: 1/1
   383 | D:1      | Reached XP level 2. HP: 27/27 MP: 2/2
  1028 | D:1      | Reached XP level 3. HP: 32/33 MP: 3/3
  1139 | D:1      | Found a faded altar of an unknown god.
  3466 | D:3      | Reached XP level 4. HP: 21/41 MP: 4/4
  3468 | D:3      | HP: 2/41 [orc wizard (6)]
  3471 | D:3      | Mangled by an orc wizard

Illustrated notes

Levels and vault maps discovered:
D:1:      dpeg_arrival_short_road, layout_rooms,
          shapermc_ecumenical_altar_mp_vishouse
D:2:      layout_loops_ring
D:3:      layout_basic, amcnicky_altar_gilded, minmay_misc_feat_room,
          wander_ebering_terrifying_dragon_lair

Skill      XL: |  1  2  3 |
---------------+----------+-----
Fighting       | 4 |  4.3
Axes           | 3 |  3.5
Armour         | 4 |  4.1
Dodging        | |  0.3
Stealth        | |  0.2
Shields        | |  3.7

Action                   |  1- 3 |  4- 6 || total
-------------------------+-------+-------++-------
Melee: War axe           |   117 |     4 ||   121
  Use: Potion            |     2 |       ||     2
       Scroll            |     1 |       ||     1
Armor: Scale mail        |    84 |     4 ||    88
Dodge: Dodged            |    75 |     3 ||    78
Block: Buckler           |    27 |     1 ||    28

Table legend: (Time is in decaauts)
 A = Elapsed time spent in this place.
 B = Non-inter-level travel time spent in this place.
 C = Inter-level travel time spent in this place.
 D = Time resting spent in this place.
 E = Time spent auto-exploring this place.
 F = Levels seen in this place.
 G = Mean time per level.
                   A        B        C        D        E       F      G
               +--------+--------+--------+--------+--------+-----+--------+
         Total |   3517 |   3382 |    135 |   2010 |    878 |   3 | 1172.3 |
       Dungeon |   3517 |   3382 |    135 |   2010 |    878 |   3 | 1172.3 |
               +--------+--------+--------+--------+--------+-----+--------+

Top non-repeatable levels by time:
     D:1: 1909 daAuts
     D:2: 1593 daAuts
     D:3: 14 daAuts
